AoeStats
← Loud Ventrilloquist

Black Forest

510205481Analyzed
4v4 RM · 1d ago on Sep 29, 2026· 43m 39s· 8 players
Game mode
Random Map
Map size
Large (8 player)
Population
200
Speed
Normal
Resources
Standard
Victory
Conquest
Starting age
Dark Age
Ending age
Imperial Age
RankedLock teamsTeams togetherTeam positionsShared explorationLock speedFull tech treeHidden civsTurbo modeCheats
Victory
Defeat
🇨🇦 Romans · Canada
649
+13
🇹🇷 Wu · Türkiye
603
+15
🇩🇪 Britons · Germany
594
+15
🇨🇦 Turks · Canada
545
+18
🇺🇸 Huns · United States
633
-17
🇵🇪 Vietnamese · Peru
617
-17
🇺🇸 Teutons · United States
547
-14
🇺🇸 Mongols · United States
535
-13
Heistergand
0:26 Loom
14:10 Feudal Age
15:25 Double-Bit Axe
19:39 Castle Age
17:36 Fletching
17:44 Gold Mining
17:43 Horse Collar
17:59 Stone Mining
20:22 Heavy Plow
20:33 Bow Saw
21:00 Gold Shaft Mining
21:08 Caravan
20:44 Crossbowman
23:03 Wheelbarrow
26:21 Bodkin Arrow
26:49 Town Watch
29:45 Padded Archer Armor
35:42 Imperial Age
34:48 Yeomen
34:36 Squires
33:56 Pikeman
34:23 Arson
36:29 Bracer
36:40 Forging
36:47 Leather Archer Armor
37:48 Chemistry
39:37 Two-Man Saw
39:10 Conscription
39:30 Hand Cart
38:59 Halberdier
42:05 Warwolf
41:26 Elite Longbowman
43:12 Capped Ram
44:18 Forging
44:08 Scale Mail Armor
Loud Ventrilloquist
0:27 Loom
14:31 Feudal Age
14:59 Man-at-Arms
15:33 Double-Bit Axe
15:30 Horse Collar
24:27 Castle Age
25:31 Bow Saw
25:26 Heavy Plow
33:03 Imperial Age
33:25 Forging
33:16 Scale Mail Armor
33:21 Scale Barding Armor
35:26 Two-Man Saw
36:51 Wheelbarrow
36:01 Town Watch
39:43 Murder Holes
40:09 Ballistics
39:52 Padded Archer Armor
39:42 Fletching
39:54 Town Patrol
40:10 Hand Cart
40:20 Conscription
43:12 Artillery
tester78546
0:31 Loom
11:21 Feudal Age
13:51 Double-Bit Axe
14:30 Town Watch
16:56 Horse Collar
23:11 Castle Age
22:09 Gold Mining
22:12 Stone Mining
23:19 Forging
24:56 Wheelbarrow
24:34 Bow Saw
24:28 Heavy Plow
24:39 Caravan
29:49 Fortified Wall
31:54 Scale Barding Armor
32:25 Iron Casting
32:05 Husbandry
36:20 Imperial Age
35:08 Chain Barding Armor
34:45 Light Cavalry
35:36 Bloodlines
37:42 Plate Barding Armor
38:08 Blast Furnace
36:35 Cavalier
38:19 Scale Mail Armor
39:14 Conscription
39:00 Ballistas
40:21 Crop Rotation
39:59 Capped Ram
41:27 Hand Cart
43:50 Comitatenses
birtanonline
0:40 Loom
14:22 Feudal Age
15:00 Double-Bit Axe
14:57 Horse Collar
15:31 Stone Mining
16:30 Wheelbarrow
15:44 Town Watch
16:06 Gold Mining
23:10 Castle Age
22:13 Padded Archer Armor
22:39 Fletching
24:20 Bow Saw
24:18 Caravan
25:54 Stone Shaft Mining
26:28 Bodkin Arrow
26:49 Leather Archer Armor
28:23 Heavy Plow
29:13 Gold Shaft Mining
28:36 Treadmill Crane
30:29 Masonry
31:00 Ballistics
30:48 Murder Holes
32:51 Hand Cart
32:37 Town Patrol
34:14 Red Cliffs Tactics
39:13 Imperial Age
40:05 Elite Fire Archer
41:05 Conscription
41:02 Guilds
41:54 Two-Man Saw
40:57 Bracer
43:51 Chemistry
43:22 Architecture
43:41 Sitting Tiger
non-offensive-name
1:14 Loom
21:14 Feudal Age
22:27 Horse Collar
22:40 Stone Mining
22:41 Gold Mining
22:51 Double-Bit Axe
22:56 Town Watch
24:13 Wheelbarrow
K1NGlogman
15:16 Feudal Age
16:10 Double-Bit Axe
16:16 Horse Collar
21:21 Castle Age
23:22 Wheelbarrow
26:17 Bow Saw
26:00 Stone Mining
26:04 Gold Mining
26:19 Scale Mail Armor
36:20 Imperial Age
34:10 Hand Cart
33:42 Loom
37:19 Capped Ram
37:23 Pikeman
38:04 Squires
37:28 Elite Teutonic Knight
39:06 Ironclad
39:44 Halberdier
GregStillson
15:35 Feudal Age
17:10 Wheelbarrow
17:47 Town Watch
23:20 Padded Archer Armor
23:31 Forging
23:12 Fletching
23:30 Scale Mail Armor
23:37 Scale Barding Armor
28:15 Castle Age
29:56 Chain Mail Armor
Althair
12:53 Feudal Age
13:42 Double-Bit Axe
13:39 Horse Collar
13:51 Gold Mining
17:29 Wheelbarrow
25:42 Castle Age
23:42 Fletching
27:52 Hand Cart
27:50 Bow Saw
27:42 Heavy Plow
Connection lost

Rejoining the realm…

Still unreachable

The connection could not be restored.

Session expired

The server has moved on; the page needs a fresh start.